 Dungeon Crawl Stone Soup version 0.19-a0-1735-g048f9dc (webtiles) character file.

1785 qwtesting the Cleaver (level 8, 48/72 HPs)
             Began as a Deep Dwarf Fighter on Sept 30, 2016.
             Was an Initiate of Trog.
             Quit the game on level 6 of the Dungeon.
             The game lasted 00:05:10 (4734 turns).

qwtesting the Cleaver (Deep Dwarf Fighter)          Turns: 4734, Time: 00:05:11

Health: 48/72      AC:  9    Str: 22    XL:     8   Next: 81%
Magic:  8/8        EV:  7    Int:  9    God:    Trog [......]
Gold:   464        SH: 10    Dex: 12    Spells: 0 memorised, 7 levels left

rFire  . . .     SeeInvis +     Y - +3 war axe
rCold  . . .     Gourm    .     k - +0 chain mail
rNeg   . . .     Faith    .     c - +0 shield
rPois  .         Spirit   .     (no helmet)
rElec  .         Dismiss  .     (no cloak)
rCorr  .         Reflect  .     (no gloves)
MR     +....     Harm     .     (no boots)
Stlth  ..........               (no amulet)
                                (no ring)
                                e - ring of see invisible

@: non-regenerating
A: damage resistance, recharge devices, sense surroundings 1, slow regeneration
3
a: Device Recharging, Burn Spellbooks, Renounce Religion


You were on level 6 of the Dungeon.
You worshipped Trog.
Trog was noncommittal.
You were not hungry.

You visited 1 branch of the dungeon, and saw 6 of its levels.
You also visited: Sewer and Ossuary.

You collected 464 gold pieces.


Innate Abilities, Weirdness & Mutations

You are resistant to damage.
You can recharge devices by infusing magical energy.
You passively map a small area around you.
You do not regenerate.


   Skills:
 - Level 4.1 Fighting
 + Level 10.3 Axes
 - Level 3.2 Armour
 - Level 2.1 Dodging
 - Level 6.0 Shields
 + Level 2.5 Evocations


You had 7 spell levels left.
You didn't know any spells.

Inventory:

Hand Weapons
 q - a +2 flail of holy wrath
 Y - a +3 war axe (weapon)
Missiles
 o - a tomahawk (quivered)
Armour
 c - a +0 shield (worn)
 k - a +0 chain mail (worn)
 t - a +0 plate armour
Jewellery
 e - a ring of see invisible (left hand)
Wands
 f - a wand of teleportation (4/9)
 h - a wand of flame (23/48)
 j - a wand of heal wounds (5/9)
 u - a wand of confusion (39/48)
Scrolls
 a - a scroll of recharging
 b - a scroll of identify
 s - 6 scrolls of remove curse
Potions
 d - 2 potions of might
 l - a potion of curing
 m - a potion of cure mutation
 n - a potion of resistance
 p - 2 potions of haste
Comestibles
 g - a chunk of flesh
 i - a beef jerky
 r - 4 meat rations

Dungeon Overview and Level Annotations

Branches:
Dungeon (6/15)
 Temple: D:4-7

Altars:
Okawaru
Trog
The Shining One


Message History

You slice the bullfrog!!
You kill the bullfrog!
Trog accepts your kill.
You see here a bullfrog corpse.
Butcher a bullfrog corpse? [(y)es/(c)hoosy/(n)o/(a)ll/(e)dible/(q)uit/?]
You butcher the bullfrog corpse.
g - 2 chunks of flesh Eat one of 2 chunks of flesh? (ye/n/q)
You start eating one of the 2 chunks of flesh.
You continue eating. x2
You finish eating.
This raw flesh tastes terrible.
Found an escape hatch in the floor.
i - a beef jerky
o - a tomahawk You open the door.
There is an open door here.
t - a plate armour
There is an open door here.
u - a wand of confusion Are you sure you want to abandon this character and quit the game? (Confirm with "yes".)

......#...#..........%..
......###'#.............
,
...........>............
######..................
* , #..................
#.................. ,
#..................
######.....###+#.......#
...........#, #@......#}
...........#,, #.......#
......<....# #.......#
...........# ,#.......#,
, ...........# #.......#
...........#
,.#.......#* ,
######.....#,..#........
*
.....####'##...#........
, ...............# ,


There were no monsters in sight!

Vanquished Creatures
  Grinder (D:5)
  Sigmund (D:2)
  A hungry ghost (D:4)
  A centaur (D:5)
  2 ogres
  3 big kobolds (Sewer)
  An elf zombie (Ossuary)
  A bullfrog (D:6)
  A scorpion (D:4)
  A crimson imp (D:5)
  4 orc wizards
  A human zombie (Ossuary)
  A centaur skeleton (D:4)
  An iguana (D:4)
  Terence (D:2)
  A big kobold zombie (Ossuary)
  A hound zombie (D:6)
  A hound skeleton (D:4)
  4 mummies (Ossuary)
  13 adders
  A river rat (Sewer)
  2 shadow imps
  6 oozes
  2 adder zombies (Ossuary)
  An adder skeleton (D:6)
  5 worms
  2 dart slugs
  4 leopard geckos
  17 orcs
  7 ball pythons
  4 giant cockroaches
  A gnoll zombie (Ossuary)
  9 goblins
  8 hobgoblins
  2 jackals (D:3)
  4 quokkas
  10 bats
  3 frilled lizards
  2 goblin zombies (Ossuary)
  2 hobgoblin zombies (Ossuary)
  A jackal zombie (Ossuary)
  8 kobolds
  A kobold zombie (Ossuary)
  9 rats
152 creatures vanquished.

Notes
Turn   | Place    | Note
-------+----------+-------------------------------------------
     0 | D:1      | qwtesting the Deep Dwarf Fighter began the quest for the Orb.
     0 | D:1      | Reached XP level 1. HP: 20/20 MP: 1/1
     0 | D:1      | 0 ||| counter = 2
   269 | D:1      | Reached skill level 3 in Axes
   269 | D:1      | Reached XP level 2. HP: 24/27 MP: 2/2
   372 | D:1      | Reached skill level 1 in Dodging
   638 | D:1      | 638 ||| READING scroll labeled BAB TONLONI.
   639 | D:1      | 639 ||| READING scroll labeled VIXEXT DUDOUCE.
   640 | D:1      | 640 ||| READING 2 scrolls labeled ENARUUMI TIKE.
   641 | D:1      | 641 ||| DROPPING scroll of immolation.
   658 | D:2      | 658 ||| STAIRDANCE
   842 | D:2      | Reached XP level 3. HP: 29/33 MP: 3/3
   953 | D:2      | Reached skill level 4 in Axes
  1248 | D:2      | Noticed Terence
  1259 | D:2      | Killed Terence
  1259 | D:2      | Reached XP level 4. HP: 34/40 MP: 4/4
  1264 | D:2      | 1264 ||| DROPPING club.
  1270 | D:2      | Noticed Sigmund
  1273 | D:2      | 1273 ||| ZAPPING wand of heal wounds (5/9).
  1291 | D:2      | 1291 ||| ZAPPING wand of heal wounds (4/9).
  1299 | D:2      | Killed Sigmund
  1299 | D:2      | Reached skill level 6 in Axes
  1299 | D:2      | Reached XP level 5. HP: 33/46 MP: 5/5
  1300 | D:2      | 1300 ||| MP-RECHARGING wand of heal wounds (3/9).
  1360 | D:2      | 1360 ||| UPGRADING to flail of holy wrath.
  1361 | D:2      | 1361 ||| SWAPPING to +0 war axe.
  1695 | D:2      | 1695 ||| UPGRADING to chain mail.
  1705 | D:2      | 1705 ||| DROPPING +0 scale mail.
  1706 | D:2      | 1706 ||| READING 2 scrolls labeled DIHEQURHAO.
  1707 | D:2      | 1707 ||| READING scroll labeled QENGIAJEASO.
  1708 | D:2      | 1708 ||| READING scroll labeled CAH REOHAEME.
  1709 | D:2      | 1709 ||| DRINKING 2 bubbling white potions.
  1710 | D:2      | 1710 ||| READING scroll of identify.
  1710 | D:2      | 1710 ||| IDENTIFYING dented citrine amulet
  1711 | D:2      | 1711 ||| DROPPING amulet of magic regeneration.
  1886 | D:3      | Reached XP level 6. HP: 26/55 MP: 5/5
  2135 | D:3      | Reached skill level 7 in Axes
  2412 | D:3      | 2412 ||| READING scroll labeled AMMUXTUIDU.
  2413 | D:3      | 2413 ||| READING scroll labeled RANUHOV CIOVI.
  2414 | D:3      | 2414 ||| READING 2 scrolls of identify.
  2414 | D:3      | 2414 ||| IDENTIFYING metallic inky potion
  2415 | D:3      | 2415 ||| DROPPING potion of invisibility.
  2448 | D:4      | Noticed a hungry ghost
  2459 | D:4      | 2459 ||| EATING 2 bread rations.
  2469 | D:4      | 2469 ||| EATING 2 bread rations.
  2478 | D:4      | Killed a hungry ghost
  2482 | D:4      | 2482 ||| EATING bread ration.
  2508 | D:4      | Found a glowing golden altar of the Shining One.
  2527 | D:4      | Reached skill level 8 in Axes
  2549 | D:4      | Found a sand-covered staircase.
  2550 | D:4      | 2550 ||| Found Ossuary.
  2558 | Ossuary  | Entered an ossuary
  2559 | Ossuary  | 2559 ||| Entered Ossuary.
  2564 | Ossuary  | 2564 ||| ZAPPING wand of heal wounds (5/9).
  2579 | Ossuary  | Reached XP level 7. HP: 31/61 MP: 6/6
  2586 | Ossuary  | 2586 ||| ZAPPING wand of heal wounds (4/9).
  2587 | Ossuary  | 2587 ||| READING scroll of recharging.
  2587 | Ossuary  | 2587 ||| RECHARGING wand of heal wounds (3/9).
  2695 | Ossuary  | Reached skill level 3 in Fighting
  2713 | Ossuary  | 2713 ||| READING 2 scrolls of enchant weapon.
  2713 | Ossuary  | 2713 ||| ENCHANTING +1 war axe.
  2714 | Ossuary  | 2714 ||| READING scroll of enchant weapon.
  2714 | Ossuary  | 2714 ||| ENCHANTING +2 war axe.
  2718 | Ossuary  | 2718 ||| ZAPPING wand of heal wounds (9/9).
  2764 | Ossuary  | 2764 ||| READING scroll labeled NOFEJU HUJOH.
  2765 | Ossuary  | 2765 ||| READING scroll labeled SEX OCYMISOX.
  2766 | Ossuary  | 2766 ||| DRINKING 2 fizzy orange potions.
  2767 | Ossuary  | 2767 ||| DRINKING 3 fuming orange potions.
  2786 | Ossuary  | 2786 ||| READING 5 scrolls of identify.
  2786 | Ossuary  | 2786 ||| IDENTIFYING red potion
  2787 | Ossuary  | 2787 ||| READING 4 scrolls of identify.
  2787 | Ossuary  | 2787 ||| IDENTIFYING white potion
  2788 | Ossuary  | 2788 ||| READING 3 scrolls of identify.
  2788 | Ossuary  | 2788 ||| IDENTIFYING puce potion
  2789 | Ossuary  | 2789 ||| DROPPING potion of magic.
  2790 | Ossuary  | 2790 ||| DROPPING 2 potions of lignification.
  2791 | Ossuary  | 2791 ||| DROPPING potion of brilliance.
  3254 | D:4      | 3254 ||| ZAPPING wand of heal wounds (8/9).
  3329 | D:4      | Reached skill level 9 in Axes
  3451 | D:4      | 3451 ||| READING scroll labeled MILY OMAHIH.
  3452 | D:4      | 3452 ||| READING scroll labeled AVIAKL GUIBI.
  3453 | D:4      | 3453 ||| DRINKING 2 sapphire potions.
  3454 | D:4      | 3454 ||| DROPPING potion of degeneration.
  3480 | D:5      | Entered Level 5 of the Dungeon
  3548 | D:5      | Noticed Grinder
  3548 | D:5      | Paralysed by Grinder for 5 turns
  3565 | D:5      | 3565 ||| ZAPPING wand of heal wounds (7/9).
  3569 | D:5      | Killed Grinder
  3569 | D:5      | Reached XP level 8. HP: 62/69 MP: 7/7
  3587 | D:5      | Found a glowing drain.
  3588 | D:5      | 3588 ||| Found Sewer.
  3597 | Sewer    | Entered a sewer
  3598 | Sewer    | 3598 ||| Entered Sewer.
  3886 | Sewer    | 3886 ||| Stepping ~*~*~tactically~*~*~ (water).
  3901 | Sewer    | 3901 ||| Stepping ~*~*~tactically~*~*~ (water).
  3941 | Sewer    | 3941 ||| Stepping ~*~*~tactically~*~*~ (water).
  3965 | Sewer    | 3965 ||| Stepping ~*~*~tactically~*~*~ (water).
  4111 | Sewer    | Reached skill level 10 in Axes
  4113 | Sewer    | 4113 ||| UPGRADING to tubular bronze ring.
  4114 | Sewer    | 4114 ||| READING scroll labeled WEGGAAFICA.
  4118 | Sewer    | 4118 ||| READING 3 scrolls of identify.
  4118 | Sewer    | 4118 ||| IDENTIFYING wand of teleportation
  4119 | Sewer    | 4119 ||| READING 2 scrolls of identify.
  4119 | Sewer    | 4119 ||| IDENTIFYING fuming purple potion
  4229 | D:5      | 4229 ||| ZAPPING wand of heal wounds (6/9).
  4346 | D:5      | Reached skill level 6 in Shields
  4422 | D:5      | Found an iron altar of Okawaru.
  4425 | D:5      | Found a bloodstained altar of Trog.
  4439 | D:5      | Became a worshipper of Trog the Wrathful
  4552 | D:6      | 4552 ||| STAIRDANCE
  4631 | D:6      | Reached skill level 1 in Evocations
  4734 | D:6      | Quit the game

Vault maps used:
D:1:      grunt_arrival_crossed_arrows, minmay_misc_feat_x,
          serial_bayou_lagoon_b
D:2:      serial_forest, infiniplex_forest_clump_small,
          infiniplex_forest_zigzag_2, infiniplex_forest_clump_curved,
          infiniplex_forest_lined_room_2, infiniplex_forest_clump_diagonal,
          infiniplex_forest_lined_2, minmay_box_of_dots, uniq_sigmund,
          uniq_terence
D:3:      first_bread
D:4:      kennysheep_mini_moat, nicolae_ossuary_entry_monument,
          corexii_item_surrounded_by_moat, kennysheep_cluttered_room
D:5:      grunt_temple_overflow_bloody_war, portal_sewer_entry_d, uniq_grinder
D:6:      lemuel_upstairs_altar, serial_shops, shop, kennysheep_mini,
          nicolae_dithmenos_shadow_blocks
Sewer:    sewer_co_tree
Ossuary:  ossuary_minmay_tomb_2a

Skill      XL: |  1  2  3  4  5  6  7  8 |
---------------+-------------------------+-----
Axes           | 3 4 6 8 9 10 | 10.3
Dodging        | 1 2 |  2.1
Shields        | 5 6 |  6.0
Fighting       | 3 4 |  4.1
Evocations     | 2 |  2.5
Armour         | |  3.2

Action                   |  1- 3 |  4- 6 |  7- 9 || total
-------------------------+-------+-------+-------++-------
Melee: War axe           |   116 |   176 |   230 ||   522
Throw: Tomahawk          |       |     2 |    22 ||    24
 Abil: Device Recharging |       |     1 |       ||     1
Evoke: Wand              |       |     3 |     5 ||     8
  Use: Scroll            |     3 |     7 |    13 ||    23
       Potion            |       |     1 |     3 ||     4
  Eat: Chunk             |     1 |     5 |     5 ||    11
       Bread ration      |       |     2 |       ||     2
Armor: Scale mail        |    36 |     7 |       ||    43
       Chain mail        |       |    67 |    71 ||   138
Dodge: Dodged            |    36 |    50 |    46 ||   132
Block: Shield            |    52 |    81 |    98 ||   231
